 Dungeon Crawl Stone Soup version 0.30-a0-711-gf4ac18a38d (webtiles) character file.

Game seed: 14083071964405033562

599 wormed the Firebug (level 7, -13/51 HPs)
             Began as a Demonspawn Fire Elementalist on Jan 22, 2023.
             Mangled by a komodo dragon (16 damage)
             ... on level 4 of the Dungeon.
             The game lasted 00:06:59 (3494 turns).

wormed the Firebug (Demonspawn Fire Elementalist)   Turns: 3494, Time: 00:06:59

Health: -13/51     AC:  6    Str:  9    XL:     7   Next: 17%
Magic:  4/12       EV: 13    Int: 18    God:
Gold:   138        SH:  0    Dex: 19    Spells: 6/12 levels left

rFire   . . .      SeeInvis .    q - +2 short sword (elec)
rCold   . . .      Faith    .    (no shield)
rNeg    . . .      Spirit   .    a - +0 robe
rPois   .          Reflect  .    (no helmet)
rElec   .          Harm     .    (no cloak)
rCorr   .          Rampage  .    (no gloves)
Will    .....                    e - +0 pair of boots
Stlth   +++                      (no amulet)
HPRegen 0.28/turn                g - ring of flight
MPRegen 0.13/turn                f - +6 ring of dexterity

@: flying
A: claws 1, molten scales 2, ignite blood 1
a: no special abilities


You were on level 4 of the Dungeon.
You visited 1 branch of the dungeon, and saw 4 of its levels.

You collected 138 gold pieces.

Inventory:

Hand Weapons
 q - a +2 short sword of electrocution (weapon)
Armour
 a - a +0 robe (worn)
 e - a +0 pair of boots (worn)
 k - a +0 leather armour
Jewellery
 f - a +6 ring of dexterity (right claw)
 g - a ring of flight (left claw)
Wands
 s - a wand of polymorph (5) (quivered)
Potions
 b - 2 potions of degeneration {unknown}
 c - 2 potions of curing {unknown}
 d - a potion of haste {unknown}
 h - a potion of mutation {unknown}
 i - 2 potions of invisibility {unknown}
 j - 3 potions of lignification {unknown}
 n - a potion of brilliance {unknown}
 o - a potion of heal wounds {unknown}


   Skills:
 + Level 2.8 Fighting
 + Level 3.3 Dodging
 + Level 3.4 Stealth
 + Level 3.4 Spellcasting
 + Level 3.1 Conjurations
 + Level 3.9 Fire Magic


You had 6 spell levels left.
You knew the following spells:

 Your Spells              Type           Power      Damage    Failure   Level
a - Foxfire               Conj/Fire      60%        2x1d7     3%          1
b - Scorch                Fire           34%        2d6       4%          2
c - Inner Flame           Hex/Fire       10%        N/A       22%         3

Your spell library contained the following spells:

 Spells                   Type           Power      Damage    Failure   Level
 Freeze                   Ice            12%        1d3       16%         1
 Hailstorm                Conj/Ice       8%         3d4       24%         3
 Kindle Blastsparks       Fire/Tloc/Air  14%        2d11      26%         3
 Flame Wave               Conj/Fire      15%        2d7       34%         4
 Frozen Ramparts          Ice            6%         1d1       43%         3
 Ozocubu's Armour         Ice            3%         N/A       43%         3
 Cause Fear               Hex            1%         N/A       83%         4
 Metabolic Englaciation   Hex/Ice        1%         N/A       99%         5
 Simulacrum               Ice/Necr       1%         N/A       100%        6
 Discord                  Hex            1%         N/A       100%        8


Dungeon Overview and Level Annotations

Branches:
Dungeon (4/15)
 Temple: D:4-7

Altars:
Ru

Annotations:
D:4 Eustachio


Innate Abilities, Weirdness & Mutations

You have sharp fingernails.
You are mostly covered in molten scales. (AC +3)
Your demonic aura sometimes causes spilled blood to erupt in flames.


Message History

The scorpion is moderately wounded.
Casting: Inner Flame (dangerous; 22% risk of failure)
Confirm with . or Enter, or press ? or * to list all spells.
You don't have enough magic to cast this spell.
Aiming: Polymorph
Press: ? - help, Q - select action, (/) - cycle Shift-Dir - straight line, f/p - scorpion
Aim: a scorpion (moderately wounded, will become a komodo dragon, a jelly, or a worm, chance to affect: 49%)
The scorpion evaporates and reforms as a komodo dragon!
Magic courses through your body. The komodo dragon barely misses you.
Casting: Inner Flame (dangerous; 22% risk of failure)
Confirm with . or Enter, or press ? or * to list all spells.
Aiming: Inner Flame (dangerous; 22% risk of failure)
Press: ? - help, Dir - move target, f/p - komodo dragon
Aim: a komodo dragon (moderately wounded, chance to affect: 42%)
The komodo dragon resists with some effort.
The komodo dragon bites you.
Casting: Inner Flame (dangerous; 22% risk of failure)
Confirm with . or Enter, or press ? or * to list all spells.
Aiming: Inner Flame (dangerous; 22% risk of failure)
Press: ? - help, Dir - move target, f/p - komodo dragon
Aim: a komodo dragon (moderately wounded, chance to affect: 42%)
The komodo dragon resists with some effort.
The komodo dragon bites you!!
Casting: Inner Flame (dangerous; 22% risk of failure)
Confirm with . or Enter, or press ? or * to list all spells.
Aiming: Inner Flame (dangerous; 22% risk of failure)
Press: ? - help, Dir - move target, f/p - komodo dragon
Aim: a komodo dragon (moderately wounded, chance to affect: 42%)
The komodo dragon resists with some effort.
The komodo dragon bites you!!
* * * LOW HITPOINT WARNING * * *
Aiming: Polymorph
Press: ? - help, Q - select action, (/) - cycle Shift-Dir - straight line, f/p - komodo dragon
Aim: a komodo dragon (moderately wounded, will become a hornet, a floating eye, or a meliai, chance to affect: 31%)
The komodo dragon easily resists.
The komodo dragon closely misses you.
It was a potion of flight.
You feel more buoyant. The komodo dragon bites you!
You die...

#...>#....#.......
##...##.....†.....
####..#..#......[......
##........##.....#...... .
#.....#..........#..... .
##....#...##.....#...##...
##...##.####..#.#.........
#...##.#####......)......
##......@l...............
##.....#................
###...#..).#........?..
#...#....##..........
##.........).........
#...................
##......)...........
#.....#....>.......
##...###...........


You could see a komodo dragon.

Vanquished Creatures
  Sigmund (D:2)
  Pargi (D:3)
  A bullfrog (D:4)
  A scorpion (D:3)
  An orc priest (D:4)
  2 hounds (D:4)
  Ijyb (D:3)
  3 adders (D:3)
  A gnoll (D:3)
  A dart slug (D:2)
  5 orcs
  5 ball pythons
  3 bats
  3 endoplasms (D:2)
  6 giant cockroaches
  10 goblins
  4 hobgoblins
  2 jackals (D:1)
  3 quokkas (D:1)
  2 frilled lizards (D:3)
  9 kobolds
  8 rats
73 creatures vanquished.

Vanquished Creatures (others)
  A rat (D:2)
  103 foxfires
104 creatures vanquished.

Grand Total: 177 creatures vanquished

Notes
Turn   | Place    | Note
-------+----------+-------------------------------------------
     0 | D:1      | wormed the Demonspawn Fire Elementalist began the quest for
                  | the Orb.
     0 | D:1      | Reached XP level 1. HP: 13/13 MP: 3/3
   260 | D:1      | Gained mutation: You are partially covered in molten
                  | scales. (AC +2) [demonic ancestry]
   260 | D:1      | Reached XP level 2. HP: 20/20 MP: 1/5
   839 | D:1      | Found a faded altar of an unknown god.
   840 | D:1      | Noticed a floating eye
   853 | D:1      | Noticed a great orb of eyes
   859 | D:1      | Noticed an eye of devastation
   871 | D:1      | Noticed an eye of devastation
  1072 | D:1      | Reached XP level 3. HP: 25/25 MP: 2/6
  1425 | D:1      | Learned a level 2 spell: Scorch
  1429 | D:1      | Learned a level 3 spell: Inner Flame
  1694 | D:2      | Noticed Sigmund
  1711 | D:2      | Killed Sigmund
  1712 | D:2      | Reached skill level 1 in Fighting
  1712 | D:2      | Gained mutation: You have sharp fingernails. [demonic
                  | ancestry]
  1712 | D:2      | Reached XP level 4. HP: 24/33 MP: 0/8
  1712 | D:2      | Gained mutation: You are mostly covered in molten scales.
                  | (AC +3) [demonic ancestry]
  1712 | D:2      | Reached XP level 5. HP: 28/38 MP: 0/9
  2311 | D:3      | Noticed Pargi
  2321 | D:3      | Killed Pargi
  2322 | D:3      | Reached XP level 6. HP: 29/44 MP: 0/10
  2515 | D:3      | Found a sacrificial altar of Ru.
  2851 | D:3      | Noticed Ijyb
  2857 | D:3      | Killed Ijyb
  3215 | D:4      | Gained mutation: Your demonic aura sometimes causes spilled
                  | blood to erupt in flames. [demonic ancestry]
  3215 | D:4      | Reached XP level 7. HP: 51/51 MP: 7/12
  3310 | D:4      | Noticed Eustachio
  3488 | D:4      | a scorpion changed into a komodo dragon
  3488 | D:4      | Noticed a komodo dragon
  3492 | D:4      | HP: 2/51 [komodo dragon (24)]
  3494 | D:4      | Mangled by a komodo dragon

Illustrated notes

Levels and vault maps discovered:
D:1:      dpeg_arrival_tiny_c, layout_basic,
          hellmonk_ecumenical_altar_watching_god
D:2:      layout_rooms, uniq_sigmund
D:3:      minmay_general_purpose_star, layout_loops_ring, elyvilon_altar_4,
          mainiacjoe_overflow_concentric_impassable, uniq_pargi, uniq_ijyb
D:4:      layout_cave_pools, uniq_eustachio

Skill      XL: |  1  2  3  4  5  6 |
---------------+-------------------+-----
Stealth        | 2 3 |  3.4
Dodging        | 2 3 |  3.3
Fire Magic     | 3 |  3.9
Fighting       | 1 2 |  2.8
Conjurations   | 2 3 |  3.1
Spellcasting   | 3 |  3.4

Action                     |  1- 3 |  4- 6 |  7- 9 || total
---------------------------+-------+-------+-------++-------
  Melee: Unarmed           |     3 |       |       ||     3
         Short sword       |    57 |    24 |     3 ||    84
         Punch             |       |     1 |       ||     1
   Cast: Foxfire           |    41 |     8 |    10 ||    59
         Inner Flame       |     2 |     2 |     8 ||    12
         Scorch            |       |    23 |     1 ||    24
  Evoke: Wand              |       |       |     2 ||     2
    Use: Potion            |     1 |       |     2 ||     3
         Scroll            |     2 |     4 |       ||     6
   Stab: Sleeping          |     3 |     1 |       ||     4
 Armour: Robe              |    24 |    15 |     2 ||    41
  Dodge: Dodged            |    52 |    19 |     5 ||    76

Table legend: (Time is in decaauts)
 A = Elapsed time spent in this place.
 B = Non-inter-level travel time spent in this place.
 C = Inter-level travel time spent in this place.
 D = Time resting spent in this place.
 E = Time spent auto-exploring this place.
 F = Levels seen in this place.
 G = Mean time per level.
                   A        B        C        D        E       F      G
               +--------+--------+--------+--------+--------+-----+--------+
         Total |   3492 |   3338 |    154 |      0 |   2658 |   4 |  873.0 |
       Dungeon |   3492 |   3338 |    154 |      0 |   2658 |   4 |  873.0 |
               +--------+--------+--------+--------+--------+-----+--------+

Top non-repeatable levels by time:
     D:1: 1429 daAuts
     D:3: 1283 daAuts
     D:2: 616 daAuts
     D:4: 163 daAuts
